 Dungeon Crawl Stone Soup version 0.22-a0-354-g30dfbe6 (webtiles) character file.

2534 Amnesiac the Reanimator (level 9, -1/59 HPs)
             Began as a Mummy Necromancer on Apr 17, 2018.
             Was an Elder of Sif Muna.
             Slain by an orc warrior
             ... wielding a +0 glaive
              (9 damage)
             ... on level 7 of the Dungeon.
             The game lasted 00:10:14 (6060 turns).

Amnesiac the Reanimator (Mummy Necromancer)         Turns: 6060, Time: 00:10:15

Health: -1/59      AC:  9    Str: 11    XL:     9   Next: 30%
Magic:  13/22      EV: 11    Int: 17    God:    Sif Muna [****..]
Gold:   160        SH:  0    Dex: 13    Spells: 19/26 levels left

rFire    x . .     SeeInvis .   b - +0 short sword (venom)
rCold    + + .     Gourm    .   (no shield)
rNeg     + + +     Faith    .   g - +0 ring mail (curse)
rPois    ∞         Spirit   .   i - +2 helmet
rElec    .         Reflect  .   (no cloak)
rCorr    .         Harm     .   m - +0 pair of gloves
MR       +....                  (no boots)
Stlth    +.........             (no amulet)
HPRegen  0.19/turn              n - ring of protection from cold
MPRegen  0.18/turn              (no ring)

@: divine energy
A: no food or potions, fire vulnerability, cold resistance 1, negative energy
resistance 3, torment resistance, unbreathing
a: Stop Divine Energy, Channel Magic, Forget Spell, Renounce Religion


You were on level 7 of the Dungeon.
You worshipped Sif Muna.
Sif Muna was greatly pleased with you.
You were not hungry.

You visited 1 branch of the dungeon, and saw 7 of its levels.
You also visited: Sewer.

You collected 263 gold pieces.
You spent 103 gold pieces at shops.

Inventory:

Hand Weapons
 a - a +0 hunting sling of velocity
 b - a +0 short sword of venom (weapon)
 p - a +3 whip of draining
Missiles
 d - 295 stones (quivered)
 r - 37 sling bullets
Armour
 g - a cursed +0 ring mail (worn)
 i - a +2 helmet (worn)
 j - a +0 shield
 m - a +0 pair of gloves (worn)
Jewellery
 n - a ring of protection from cold (left hand)
Wands
 f - a wand of flame (31)
 l - a wand of iceblast (8)
Scrolls
 c - 4 scrolls of magic mapping {!r}
 e - 3 scrolls of remove curse {!r}
 h - a scroll of identify {!r}
 k - 2 scrolls of enchant armour {!r}
 o - a scroll of teleportation {!r}
 q - a scroll of fear {!r}


   Skills:
 - Level 1.0 Fighting
 - Level 2.0 Dodging
 - Level 1.5 Stealth
 + Level 9.0 Spellcasting
 * Level 10.9 Necromancy


You had 19 spell levels left.
You knew the following spells:

 Your Spells              Type           Power        Failure   Level  Hunger
a - Pain                  Necr           ####         1%          1    N/A
d - Vampiric Draining     Necr           #####.....   1%          3    N/A
s - Conjure Flame         Conj/Fire      #.......     56%         3    N/A

Dungeon Overview and Level Annotations

Branches:
Dungeon (7/15)             Temple (0/1) D:7

Altars:
Ashenzari
Dithmenos
Elyvilon
Hepliaklqana
Makhleb
Qazlal
Ru
Sif Muna

Shops:
D:6 (


Innate Abilities, Weirdness & Mutations

You do not eat or drink.
Your flesh is vulnerable to fire.
You are immune to poison.
Your flesh is cold resistant. (rC+)
You are immune to negative energy. (rN+++)
You are immune to unholy pain and torment.
You can survive without breathing.


Message History

You hit the orc but do no damage.
The orc looks as sick as possible!
The orc is severely wounded.
The orc hits you but does no damage.
You hit the orc but do no damage.
The orc looks as sick as possible!
The orc is almost dead.
You kill the orc!
Sif Muna accepts your kill. The adder bites you.
An orc wizard comes into view. It is wielding a dagger.
You miss the adder. The adder closely misses you.
You hit the adder.
The adder is poisoned.
The adder is lightly wounded.
The adder bites you but does no damage. The adder bites you.
You barely miss the adder.
The adder is moderately wounded.
The adder closely misses you.
You barely miss the adder.
The adder is moderately wounded.
The adder bites you. x2
An orc warrior comes into view. It is wielding a glaive.
You closely miss the adder.
The adder is moderately wounded.
The adder bites you but does no damage.
You hit the adder.
The adder looks as sick as possible!
The adder is heavily wounded.
The adder closely misses you.
You barely miss the adder.
The adder is almost dead.
You kill the adder!
Sif Muna accepts your kill.
You hit the orc wizard.
The orc wizard is poisoned.
The orc wizard is moderately wounded.
The orc wizard casts a spell.
The orc wizard blinks!
The orc warrior hits you from afar with a glaive!
The orc warrior hits you with a glaive!!
* * * LOW HITPOINT WARNING * * *
Things that are here:
a mace; a shiny scale mail
Casting: Vampiric Draining (safe; 1% risk of failure)
Confirm with . or Enter, or press ? or * to list all spells.
Aiming: Vampiric Draining (safe; 1% risk of failure)
Press: ? - help, Shift-Dir - straight line, f - orc warrior
Aim: an orc warrior, wielding a glaive and wearing a glowing plate armour The orc warrior is heavily wounded.
You feel life coursing into your body.
Casting: Vampiric Draining (safe; 1% risk of failure)
Confirm with . or Enter, or press ? or * to list all spells.
Aiming: Vampiric Draining (safe; 1% risk of failure)
Press: ? - help, Shift-Dir - straight line, f/p - orc warrior
Aim: an orc warrior, wielding a glaive and wearing a glowing plate armour (heavily wounded)
The orc warrior is severely wounded.
You feel life coursing into your body. The orc warrior hits you with a glaive!
* * * LOW HITPOINT WARNING * * *
Casting: Vampiric Draining (safe; 1% risk of failure)
Confirm with . or Enter, or press ? or * to list all spells.
Aiming: Vampiric Draining (safe; 1% risk of failure)
Press: ? - help, Shift-Dir - straight line, f/p - orc warrior
Aim: an orc warrior, wielding a glaive and wearing a glowing plate armour (severely wounded)
The orc warrior is almost dead.
You feel life coursing into your body.
The orc wizard gestures wildly while chanting.
The orc wizard blinks!
The orc warrior hits you with a glaive!
You die...

#...{..# #....≈.##...#
#......##...#
#......##...#
#......##...#
#......##...#
#......##...#####
...#.###...o(.##...##...
#....o@§..........''...
#.#.###......##.%.##...
#########...##### #####
#####......##### ....
....'........... #.###
####...########
#...####### #...# #
#.........##### #...# #
##.............# ##### #


You could see an orc warrior and an orc wizard.

Vanquished Creatures
  2 sky beasts
  A phantom (D:6)
  2 ice beasts (D:6)
  A necrophage (D:6)
  3 centaurs
  3 ogres
  5 big kobolds (Sewer)
  A bullfrog (D:6)
  A wyvern zombie (D:6)
  A gnoll sergeant (D:7)
  3 scorpions (D:6)
  A hound (D:4)
  4 bullfrog skeletons
  Jessica (D:3)
  4 iguanas
  Ijyb (D:3)
  2 orc wizards
  2 worker ants
  3 hound skeletons
  7 gnolls
  2 river rats
  12 adders
  2 shadow imps (D:5)
  5 oozes
  An adder zombie (D:7)
  7 worms
  4 dart slugs
  4 leopard geckos
  14 orcs
  A giant cockroach (D:5)
  20 goblins
  3 hobgoblins (D:1)
  13 jackals
  3 quokkas
  3 ball pythons
  2 bats
  6 frilled lizards
  A jackal skeleton (D:7)
  11 kobolds
  A leopard gecko skeleton (D:4)
  A leopard gecko zombie (D:6)
  A quokka skeleton (D:4)
  10 rats
175 creatures vanquished.

Notes
Turn   | Place    | Note
-------+----------+-------------------------------------------
     0 | D:1      | Amnesiac the Mummy Necromancer began the quest for the Orb.
     0 | D:1      | Reached XP level 1. HP: 13/13 MP: 4/4
    93 | D:2      | Found a hazy altar of Hepliaklqana.
   175 | D:2      | Reached XP level 2. HP: 20/20 MP: 1/5
   218 | D:2      | Found a shattered altar of Ashenzari.
   221 | D:2      | Found a stormy altar of Qazlal.
   224 | D:2      | Found a deep blue altar of Sif Muna.
   227 | D:2      | Found a sacrificial altar of Ru.
   233 | D:2      | Became a worshipper of Sif Muna the Loreminder
   357 | D:1      | Reached skill level 1 in Fighting
   647 | D:1      | Reached XP level 3. HP: 22/26 MP: 5/7
   652 | D:1      | Learned a level 3 spell: Vampiric Draining
  1142 | D:2      | Reached * piety under Sif Muna
  1142 | D:2      | Reached XP level 4. HP: 13/32 MP: 1/9
  1154 | D:2      | Reached skill level 5 in Necromancy
  1858 | D:3      | Reached XP level 5. HP: 26/37 MP: 6/11
  1917 | D:3      | Noticed Jessica
  1924 | D:3      | Killed Jessica
  2408 | D:3      | Noticed Ijyb
  2421 | D:3      | Killed Ijyb
  2634 | D:4      | Reached skill level 6 in Necromancy
  2773 | D:4      | Reached ** piety under Sif Muna
  2773 | D:4      | Reached XP level 6. HP: 32/43 MP: 8/13
  2797 | D:4      | Found a shadowy altar of Dithmenos.
  2873 | D:4      | Found a shadowy altar of Dithmenos.
  3247 | D:5      | Entered Level 5 of the Dungeon
  3331 | D:5      | Reached skill level 5 in Spellcasting
  3593 | D:5      | Found a glowing drain.
  3605 | Sewer    | Entered a sewer
  3696 | Sewer    | Reached skill level 7 in Necromancy
  3780 | Sewer    | Reached XP level 7. HP: 46/48 MP: 15/15
  4090 | Sewer    | Reached skill level 8 in Necromancy
  4157 | Sewer    | Reached *** piety under Sif Muna
  4427 | D:5      | Reached XP level 8. HP: 41/54 MP: 10/18
  4528 | D:6      | Reached skill level 9 in Necromancy
  4628 | D:6      | Found Ilore's Antique Weapon Shoppe.
  4670 | D:6      | Bought a runed hunting sling for 103 gold pieces
  4830 | D:6      | Found a burning altar of Makhleb.
  4849 | D:6      | Reached **** piety under Sif Muna
  5090 | D:6      | Reached skill level 10 in Necromancy
  5230 | D:6      | Reached XP level 9. HP: 42/59 MP: 14/21
  5278 | D:6      | Found a white marble altar of Elyvilon.
  5600 | D:7      | Learned a level 3 spell: Conjure Flame
  5817 | D:7      | Found a staircase to the Ecumenical Temple.
  6060 | D:7      | Slain by an orc warrior

Vault maps used:
D:1:      nicolae_arrival_memento_mori
D:2:      lemuel_doored_altar, grunt_temple_overflow_cloverleaf, first_ration
D:3:      kennysheep_goblin_castle, hangedman_decor_lopped, minmay_liquid_box,
          uniq_jessica
D:4:      nicolae_overflow_crystal_walls,
          nicolae_dithmenos_through_a_glass_darkly
D:5:      gup_sewer_entry_bubbles, minivault_14
D:6:      makhleb_blood_cavern_becter, old_standard_altar, serial_shops,
          shop_statue
D:7:      minmay_temple_entry_grid, minmay_strange_pillars,
          kennysheep_generic_room_13
Sewer:    sewer_co_tree

Skill      XL: |  1  2  3  4  5  6  7  8  9 |
---------------+----------------------------+-----
Dodging        | 2 |  2.0
Fighting       | 1 |  1.0
Spellcasting   | 3 4 5 6 8 9 |  9.0
Necromancy     | 5 6 7 8 10 | 10.9
Stealth        | |  1.5

Action                   |  1- 3 |  4- 6 |  7- 9 || total
-------------------------+-------+-------+-------++-------
Melee: Unarmed           |     8 |       |       ||     8
       Short sword       |    80 |   215 |   223 ||   518
 Fire: Hunting sling     |       |       |   265 ||   265
 Cast: Pain              |    26 |       |       ||    26
       Vampiric Draining |     2 |    33 |    41 ||    76
Invok: Divine Energy     |       |     1 |       ||     1
  Use: Scroll            |       |     4 |     2 ||     6
 Stab: Sleeping          |     1 |     6 |       ||     7
Armor: Robe              |    21 |    21 |       ||    42
       Ring mail         |       |    58 |   158 ||   216
Dodge: Dodged            |    66 |   155 |   208 ||   429

Table legend:
 A = Spawn XP
 B = Non-spawn XP
 C = Spawn XP percentage of total XP
 D = Spawn monster count
 E = Non-spawn monster count
 F = Spawn count percentage of total count
 G = Total turns spent on level
                    A         B        C        D         E        F      G
               +---------+---------+-------+---------+---------+-------+---------
         Total |       0 |    3621 |   0.0 |       0 |     175 |   0.0 |  6060
               +---------+---------+-------+---------+---------+-------+---------
           D:1 |       0 |      48 |   0.0 |       0 |      24 |   0.0 |   852
           D:2 |       0 |     119 |   0.0 |       0 |      26 |   0.0 |   933
           D:3 |       0 |     155 |   0.0 |       0 |      20 |   0.0 |   816
           D:4 |       0 |     161 |   0.0 |       0 |      12 |   0.0 |   646
           D:5 |       0 |     365 |   0.0 |       0 |      19 |   0.0 |   735
           D:6 |       0 |    1633 |   0.0 |       0 |      25 |   0.0 |   862
           D:7 |       0 |     543 |   0.0 |       0 |      21 |   0.0 |   566
         Sewer |       0 |     597 |   0.0 |       0 |      28 |   0.0 |   650
               +---------+---------+-------+---------+---------+-------+---------
